 Dungeon Crawl Stone Soup version 0.29.1-15-g9cfb28693d (webtiles) character file.

Game seed: 9453490992967597583

151 Thatpatchoflichen the Trooper (level 5, -8/47 HPs)
             Began as a Ghoul Monk on Feb 25, 2023.
             Mangled by an orc
             ... wielding a +2 flail of protection
              (10 damage)
             ... on level 3 of the Dungeon.
             The game lasted 00:05:46 (3212 turns).

Thatpatchoflichen the Trooper (Ghoul Monk)          Turns: 3212, Time: 00:05:47

Health: -8/47      AC:  9    Str: 15    XL:     5   Next: 33%
Magic:  4/4        EV:  7    Int:  5    God:
Gold:   84         SH:  0    Dex: 13    Spells: 4/4 levels left

rFire   . . .      SeeInvis .   a - +0 falchion
rCold   + . .      Faith    .   (no shield)
rNeg    + + +      Spirit   .   h - +0 chain mail
rPois   ∞          Reflect  .   m - +0 helmet
rElec   .          Harm     .   (no cloak)
rCorr   .          Rampage  .   (no gloves)
Will    .....                   (no boots)
Stlth   ..........              (no amulet)
HPRegen 0.00/turn               (no ring)
MPRegen 0.09/turn               (no ring)

@: inhibited regen
A: claws 1, cold resistance 1, negative energy resistance 3, inhibited
regeneration, torment resistance 2, devour on kill
a: no special abilities


You were on level 3 of the Dungeon.
You visited 1 branch of the dungeon, and saw 3 of its levels.

You collected 84 gold pieces.

Inventory:

Hand Weapons
 a - a +0 falchion (weapon)
Missiles
 j - 3 poisoned darts (quivered)
Armour
 h - a +0 chain mail (worn)
 m - a +0 helmet (worn)
Scrolls
 b - a scroll of silence {unknown}
 d - 2 scrolls of brand weapon {unknown}
 e - 2 scrolls of fear {unknown}
 g - 2 scrolls of identify
 i - a scroll of teleportation {unknown}
 k - a scroll of butterflies
 l - 2 scrolls of vulnerability
 p - a scroll of poison {unknown}
 r - a scroll of blinking {unknown}
Potions
 c - a potion of ambrosia
 f - a potion of attraction {unknown}
 n - 2 potions of brilliance
 o - a potion of heal wounds
 q - a potion of cancellation {unknown}


   Skills:
 + Level 4.7 Fighting
 * Level 4.3 Long Blades
 - Level 3.0 Dodging
 - Level 2.1 Stealth


You had 4 spell levels left.
You didn't know any spells.
Your spell library contained the following spells:

 Spells                   Type           Power      Damage    Failure   Level
 Apportation              Tloc           0%         N/A       100%        1
 Necrotise                Necr           0%         1d4       100%        1
 Slow                     Hex            0%         N/A       100%        1
 Summon Small Mammal      Summ           0%         N/A       100%        1
 Confusing Touch          Hex            0%         N/A       100%        3
 Vampiric Draining        Necr           0%         2d6       100%        3


Dungeon Overview and Level Annotations

Branches:
Dungeon (3/15)

Altars:

Shops:
D:2 !   D:3 ?


Innate Abilities, Weirdness & Mutations

You are immune to poison.
You have sharp fingernails.
Your flesh is cold resistant. (rC+)
You are immune to negative energy. (rN+++)
You do not regenerate when monsters are visible.
You are immune to unholy pain and torment.
You thrive by killing the living.


Message History

The orc is severely wounded.
The orc barely misses you.
You completely miss the orc.
The orc is severely wounded.
The orc hits you with a +0 dagger.
* * * LOW HITPOINT WARNING * * *
You closely miss the orc.
The orc is severely wounded.
The orc hits you with a +0 dagger.
* * * LOW HITPOINT WARNING * * *
You barely miss the orc.
The orc is severely wounded.
The orc hits you but does no damage.
You slash the orc!
You kill the orc!
You feel better.
You slash the orc!
You kill the orc!
The giant cockroach barely misses you.
You barely miss the giant cockroach.
The giant cockroach is heavily wounded.
The orc shouts!
The giant cockroach barely misses you.
You hit the giant cockroach.
You kill the giant cockroach!
You closely miss the orc. The orc barely misses you.
You barely miss the orc. The orc barely misses you.
You hit the orc but do no damage.
The orc hits you with a +2 flail of protection!
* * * LOW HITPOINT WARNING * * *
You barely miss the orc. The orc hits you but does no damage.
You closely miss the orc. The orc barely misses you.
You closely miss the orc. The orc closely misses you.
You hit the orc.
The orc is heavily wounded.
The orc barely misses you.
You completely miss the orc.
The orc is heavily wounded.
The orc hits you with a +2 flail of protection!
You die...

#.# # ## .. ..#
.# ≈..# ## .≈..#
#. ..≈§.# . ## #
. .≈.≈..#
.#.###.o..
§...≈..##...o.
...
§≈.≈.≈.@#...##...
..#
§.≈...≈o#.#.....
..# .§.≈.§).)...#
#....
≈.≈.≈...'..##
#.#.#
.≈.§.≈..'..#
#.#.#
§§§...≈.##.#
#.#.#
§§§≈.≈..##.#
#.#.#
≈.§.≈..###.#
#.#.# .≈.§§§# #.#
#.#.#


You could see an orc.

Vanquished Creatures
  Robin (D:2)
  6 adders (D:2)
  3 worms
  3 dart slugs (D:2)
  5 orcs (D:3)
  4 bats
  5 endoplasms
  2 giant cockroaches (D:3)
  11 goblins
  4 hobgoblins
  6 ball pythons
  2 frilled lizards (D:3)
  6 kobolds
  10 rats
68 creatures vanquished.

Notes
Turn   | Place    | Note
-------+----------+-------------------------------------------
     0 | D:1      | Thatpatchoflichen the Ghoul Monk began the quest for the
                  | Orb.
     0 | D:1      | Reached XP level 1. HP: 19/19 MP: 0/0
   229 | D:1      | Reached XP level 2. HP: 25/26 MP: 1/1
   300 | D:1      | Found a faded altar of an unknown god.
   856 | D:2      | Found Ymeipiopp's Distillery.
   951 | D:2      | Reached XP level 3. HP: 27/33 MP: 2/2
  1340 | D:2      | Noticed Robin
  1382 | D:2      | Killed Robin
  1383 | D:2      | Reached XP level 4. HP: 5/40 MP: 3/3
  1389 | D:2      | HP: 1/40 [hobgoblin[Robin] (4)]
  2193 | D:2      | Reached XP level 5. HP: 47/47 MP: 4/4
  2466 | D:3      | Found Cis Imo's Magic Scroll Boutique.
  3207 | D:3      | HP: 2/47 [orc/+2 flail of protection (7)]
  3212 | D:3      | Mangled by an orc

Illustrated notes

Levels and vault maps discovered:
D:1:      minmay_arrival_five_plusses, layout_loops_cross,
          dreamdust_ecumenical_altar_statues
D:2:      kb_forest_paths, layout_basic, serial_shops, nicolae_shop_crystal,
          grunt_ministairs_3, wad_floor_pattern_1, uniq_robin
D:3:      layout_loops_ring, serial_shops, nicolae_shop_window_shopping,
          kennysheep_crisscross, kennysheep_cluttered_room

Skill      XL: |  1  2  3  4 |
---------------+-------------+-----
Long Blades    | 3 4 |  4.3
Dodging        | 3 |  3.0
Fighting       | 4 |  4.7
Stealth        | |  2.1

Action                   |  1- 3 |  4- 6 || total
-------------------------+-------+-------++-------
Melee: Falchion          |   114 |   161 ||   275
  Use: Scroll            |       |     4 ||     4
 Stab: Sleeping          |     2 |       ||     2
Armor: Robe              |     5 |       ||     5
       Chain mail        |    62 |   110 ||   172
Dodge: Dodged            |    50 |    56 ||   106
